 Dungeon Crawl Stone Soup version 0.31-a0-700-gf13585253f (webtiles) character file.

Game seed: 12675400540819366447

2119 qw the Skirmisher (level 9, -2/57 HPs)
             Began as a Gargoyle Hunter on Sept 7, 2023.
             Was an Initiate of Okawaru.
             Slain by a killer bee (5 damage)
             ... on level 7 of the Dungeon.
             The game lasted 00:02:26 (5101 turns).

qw the Skirmisher (Gargoyle Hunter)                 Turns: 5101, Time: 00:02:27

Health: -2/57      AC: 18    Str: 14    XL:     9   Next: 29%
Magic:  9/9        EV: 12    Int: 13    God:    Okawaru [......]
Gold:   307        SH:  0    Dex: 23    Spells: 8/8 levels left

rFire   + . .        o - +0 orcbow
rCold   . . .        (shield currently unavailable)
rNeg    + . .        g - +4 ring mail
rPois   inf          (no helmet)
rElec   +            n - +0 cloak
rCorr   .            a - +0 pair of gloves
SInv    .            (no boots)
Will    .....        h - amulet of Vidghos {Faith Int+2}
Stlth   ++           f - +6 ring of dexterity
HPRegen 0.29/turn    c - ring of protection from fire
MPRegen 0.11/turn

%: faith
@: no status effects
A: sickness immunity, AC +6, negative energy resistance 1, electricity
resistance, torment resistance 1, petrification resistance
a: Renounce Religion


You were on level 7 of the Dungeon.
You worshipped Okawaru.
Okawaru was noncommittal.
You visited 2 branches of the dungeon, and saw 10 of its levels.

You collected 307 gold pieces.


Innate Abilities, Weirdness & Mutations

You are immune to sickness and miasma.
Your stone body is resilient. (AC +6)
You are immune to poison.
You resist negative energy. (rN+)
You are resistant to electric shocks. (rElec)
You are resistant to unholy torment.
You are immune to petrification.


   Skills:
 - Level 7.0 Fighting
 + Level 10.1 Ranged Weapons
 - Level 3.3 Armour
 - Level 3.1 Dodging
 - Level 1.1 Stealth


You had 8 spell levels left.
You didn't know any spells.
Your spell library was empty.

Inventory:

Hand Weapons
 o - a +0 orcbow (weapon)
Armour
 a - a +0 pair of gloves (worn)
 g - a +4 ring mail (worn)
 n - a +0 cloak (worn)
Jewellery
 c - a ring of protection from fire (right hand)
 f - a +6 ring of dexterity (left hand)
 h - the amulet of Vidghos (around neck) {Faith Int+2}
   (You found it on level 2 of the Dungeon)

   [amulet of faith]

   Faith:     It allows you to gain divine favour quickly.
   Int+2:     It affects your intelligence (+2).
 k - an amulet of reflection
 p - a ring of protection from cold
Potions
 b - a potion of enlightenment {unknown}
 d - a potion of ambrosia {unknown}
 e - 2 potions of cancellation
 i - a potion of brilliance {unknown}
 j - 2 potions of curing
 m - a potion of invisibility {unknown}

Dungeon Overview and Level Annotations

Branches:
Dungeon (9/15)             Temple (1/1) D:6
   Lair: D:8-11         Orc: D:9-12

Altars:
Cheibriados
Dithmenos
Elyvilon
Gozag
Hepliaklqana
Kikubaaqudgha
Makhleb
Nemelex Xobeh
Okawaru
Qazlal
Ru
Sif Muna
Trog
Uskayaw
Vehumet
Wu Jian
Yredelemnul
The Shining One

Shops:
D:1 [


Message History

The killer bee barely misses you. The killer bee completely misses you.
The killer bee stings you but does no damage.
The killer bee closely misses you.
The killer bee stings you but does no damage.
The sky beast hits you but does no damage.
You shoot an arrow. The arrow misses the killer bee.
The killer bee stings you.
The killer bee stings you but does no damage. x3
The killer bee closely misses you. The killer bee barely misses you.
The sky beast closely misses you.
You shoot an arrow.
The arrow closely misses the killer bee.
The killer bee misses you. x2; The killer bee barely misses you.
The killer bee stings you but does no damage. x2
The killer bee barely misses you. The sky beast barely misses you.
You shoot an arrow. The arrow hits the killer bee!
You kill the killer bee!
Okawaru accepts your kill. The killer bee stings you.
The killer bee barely misses you.
The killer bee stings you but does no damage. x2
The sky beast closely misses you.
You shoot an arrow. The arrow hits the sky beast.
The sky beast is lightly wounded.
The killer bee barely misses you. x2
The killer bee stings you but does no damage.
The killer bee barely misses you. The sky beast completely misses you.
The killer bee closely misses you. The killer bee barely misses you.
You shoot an arrow. The arrow barely misses the sky beast.
The killer bee stings you. The killer bee closely misses you.
The sky beast hits you but does no damage.
The killer bee misses you. The killer bee barely misses you.
You shoot an arrow. The arrow misses the sky beast.
The killer bee misses you.
The killer bee stings you but does no damage.
The sky beast hits you but does no damage.
The killer bee stings you but does no damage. x2
You shoot an arrow. The arrow hits the sky beast!
The sky beast is heavily wounded.
The killer bee stings you.
You die...

#...#
.##+###....
..........¤
#.....¤.8.
#...<.¤...
#.....¤¤.~
#.....~~.¤
#yy...~¤.¤
#.@Y..~~_¤
#.~...~¤~¤
........¤~~
#...####.....
#..# #...?
.... ....
.... ... ....
..


You could see a sky beast and 2 killer bees.

Vanquished Creatures
  Grinder (D:4)
  2 black bears
  An ice beast (D:5)
  2 sky beasts (D:6)
  An ogre (D:6)
  A centaur (D:9)
  A phantom (D:4)
  2 scorpions (D:6)
  4 wights (D:6)
  3 killer bees (D:7)
  A jelly (D:6)
  4 hounds
  2 sleepcaps (D:5)
  Natasha (thrice) (D:3)
  3 iguanas
  An orc wizard (D:5)
  2 scorpion zombies (D:4)
  3 hound zombies (D:4)
  2 hound skeletons (D:4)
  3 gnolls (D:6)
  13 adders
  A white imp (D:6)
  2 ufetubi
  4 adder zombies (D:4)
  An adder skeleton (D:4)
  3 worms
  A dart slug (D:4)
  7 orcs
  9 endoplasms
  4 giant cockroaches
  9 goblins
  4 hobgoblins
  4 jackals (D:3)
  5 quokkas
  8 ball pythons
  7 bats
  3 frilled lizards
  4 kobolds
  3 rats
134 creatures vanquished.

Notes
Turn   | Place    | Note
-------+----------+-------------------------------------------
     0 | D:1      | qw the Gargoyle Hunter began the quest for the Orb.
     0 | D:1      | Reached XP level 1. HP: 12/12 MP: 1/1
     0 | D:1      | 0 ||| qw: Version: 0.3-a-76-g4403597
     0 | D:1      | 0 ||| qw: Game counter: 601
     0 | D:1      | 0 ||| qw: Melee chars always use a shield: true
     0 | D:1      | 0 ||| qw: God list: Okawaru
     0 | D:1      | 0 ||| qw: Allow faded altars: false
     0 | D:1      | 0 ||| qw: Do Orc after clearing Dungeon:15 true
     0 | D:1      | 0 ||| qw: Do second Lair branch before Depths: true
     0 | D:1      | 0 ||| qw: Lair rune preference: random
     0 | D:1      | 0 ||| qw: Goals: Normal
     0 | D:1      | 0 ||| PLANNING D:1-11
   169 | D:1      | Reached XP level 2. HP: 10/17 MP: 2/2
   783 | D:1      | Found Ebemoag's Antique Armour Emporium.
   788 | D:1      | 788 ||| SHOPLISTING ring mail (112 gold, have 55).
   788 | D:1      | 788 ||| SHOPLISTING warped leather armour (196 gold, have
                  | 55).
   833 | D:1      | 833 ||| READING scroll labelled NONEOGEGON.
   846 | D:1      | 846 ||| READING scroll labelled SEM AGIPOU.
   847 | D:1      | 847 ||| DRINKING 2 puce potions.
   848 | D:1      | 848 ||| DROPPING scroll of butterflies.
   849 | D:1      | 849 ||| DROPPING potion of attraction.
   892 | D:2      | Reached XP level 3. HP: 21/21 MP: 3/3
   953 | D:2      | Reached skill level 5 in Ranged Weapons
  1090 | D:2      | Reached skill level 3 in Fighting
  1202 | D:2      | Reached XP level 4. HP: 23/28 MP: 4/4
  1409 | D:2      | Identified the amulet of Vidghos {Faith Int+2}
  1460 | D:2      | 1460 ||| UPGRADING to +0 pair of gloves.
  1465 | D:2      | 1465 ||| UPGRADING to amulet of Vidghos {Faith Int+2}.
  1470 | D:2      | 1470 ||| READING scroll labelled OCEIWIEDEO.
  1471 | D:2      | 1471 ||| READING scroll labelled CAGHUD XALU.
  1472 | D:2      | 1472 ||| READING scroll labelled SASCHUTI DEACZE.
  1505 | D:3      | Found a glowing golden altar of the Shining One.
  1534 | D:3      | Noticed Natasha
  1540 | D:3      | 1540 ||| Stepping ~*~*~tactically~*~*~ (retreating).
  1541 | D:3      | 1541 ||| Stepping ~*~*~tactically~*~*~ (retreating).
  1542 | D:3      | 1542 ||| Stepping ~*~*~tactically~*~*~ (retreating).
  1543 | D:3      | 1543 ||| Stepping ~*~*~tactically~*~*~ (retreating).
  1544 | D:3      | 1544 ||| Stepping ~*~*~tactically~*~*~ (retreating).
  1545 | D:3      | 1545 ||| RETREATING.
  1546 | D:3      | 1546 ||| Stepping ~*~*~tactically~*~*~ (retreating).
  1547 | D:3      | 1547 ||| Stepping ~*~*~tactically~*~*~ (retreating).
  1547 | D:3      | HP: 6/28 [cerulean imp/+2 spear[Natasha] (5)]
  1552 | D:3      | HP: 2/28 [cerulean imp/+0 spear[Natasha] (2)]
  1557 | D:3      | Killed Natasha
  1791 | D:3      | Noticed Natasha
  1803 | D:3      | Killed Natasha
  1804 | D:3      | Reached skill level 6 in Ranged Weapons
  1804 | D:3      | Reached XP level 5. HP: 18/32 MP: 5/5
  2017 | D:3      | Found a faded altar of an unknown god.
  2176 | D:3      | Reached skill level 1 in Armour
  2206 | D:3      | Noticed Natasha
  2210 | D:3      | Killed Natasha
  2292 | D:3      | Reached XP level 6. HP: 38/38 MP: 6/6
  2421 | D:3      | 2421 ||| UPGRADING to +0 ring mail.
  2431 | D:3      | 2431 ||| DROPPING +0 leather armour.
  2432 | D:3      | 2432 ||| UPGRADING to +6 ring of dexterity.
  2433 | D:3      | 2433 ||| DROPPING +6 ring of intelligence.
  2434 | D:3      | 2434 ||| READING scroll labelled CIKHLOIPN COSURPH.
  2435 | D:3      | 2435 ||| READING scroll labelled METOUR PACLY.
  2613 | D:4      | Noticed Grinder
  2616 | D:4      | Paralysed by Grinder for 3 turns
  2626 | D:4      | Killed Grinder
  2627 | D:4      | Reached skill level 7 in Ranged Weapons
  2627 | D:4      | Reached XP level 7. HP: 31/43 MP: 7/7
  2814 | D:4      | Found a hazy altar of Hepliaklqana.
  2950 | D:4      | Found a basalt altar of Yredelemnul.
  3102 | D:4      | Reached skill level 8 in Ranged Weapons
  3294 | D:4      | 3294 ||| UPGRADING to ring of protection from fire.
  3295 | D:4      | 3295 ||| READING scroll labelled HYWKIA XYEF.
  3296 | D:4      | 3296 ||| READING scroll labelled IPSIKHLAFIKK.
  3315 | D:5      | Entered Level 5 of the Dungeon
  3463 | D:5      | Reached XP level 8. HP: 28/50 MP: 8/8
  4088 | D:5      | 4088 ||| UPGRADING to +4 ring mail.
  4098 | D:5      | 4098 ||| DROPPING +0 ring mail.
  4099 | D:5      | 4099 ||| READING scroll labelled EKLUOS UGGISO.
  4100 | D:5      | 4100 ||| DRINKING 2 glowing green potions.
  4101 | D:5      | 4101 ||| DRINKING 2 black potions.
  4102 | D:5      | 4102 ||| DRINKING 2 green potions.
  4127 | D:6      | Found a hide-covered altar of Uskayaw.
  4130 | D:6      | 4130 ||| STAIRDANCE
  4151 | D:6      | 4151 ||| STAIRDANCE
  4266 | D:6      | Reached skill level 9 in Ranged Weapons
  4296 | D:6      | Reached skill level 6 in Fighting
  4344 | D:6      | Found a staircase to the Ecumenical Temple.
  4345 | D:6      | 4345 ||| PLANNING TEMPLE
  4445 | D:6      | Found a stormy altar of Qazlal.
  4490 | D:6      | Reached XP level 9. HP: 40/56 MP: 9/9
  4586 | D:6      | Found a shadowy altar of Dithmenos.
  4588 | D:6      | 4588 ||| DROPPING amulet of magic regeneration.
  4589 | D:6      | 4589 ||| READING scroll labelled PIOKLU PYAG.
  4623 | Temple   | Entered the Ecumenical Temple
  4624 | Temple   | 4624 ||| PLANNING OKAWARU WORSHIP
  4636 | Temple   | Became a worshipper of Warmaster Okawaru
  4637 | Temple   | 4637 ||| PLANNING D:1-11
  4774 | D:6      | You fall into a shaft and drop 3 floors!
  4802 | D:9      | Reached skill level 3 in Dodging
  4887 | D:9      | 4887 ||| SWAPPING to +0 orcbow.
  4888 | D:9      | 4888 ||| DROPPING +1 shortbow.
  4889 | D:9      | 4889 ||| UPGRADING to +0 cloak.
  4958 | D:6      | 4958 ||| RETREATING.
  4962 | D:6      | Reached skill level 10 in Ranged Weapons
  4964 | D:6      | 4964 ||| Stepping ~*~*~tactically~*~*~ (retreating).
  4967 | D:6      | 4967 ||| Stepping ~*~*~tactically~*~*~ (retreating).
  4970 | D:6      | Reached skill level 3 in Armour
  5045 | D:7      | Found a sacrificial altar of Ru.
  5047 | D:7      | 5047 ||| STAIRDANCE
  5076 | D:7      | HP: 12/56 [killer bee (3)]
  5077 | D:7      | 5077 ||| DRINKING 2 potions of heal wounds.
  5082 | D:7      | HP: 13/56 [killer bee (2)]
  5083 | D:7      | 5083 ||| DRINKING potion of heal wounds.
  5093 | D:7      | HP: 14/57 [sky beast (2)]
  5097 | D:7      | HP: 4/57 [killer bee (4)]
  5101 | D:7      | Slain by a killer bee

Levels and vault maps discovered:
D:1:      dpeg_arrival_triangle_fractal, layout_loops_corners, serial_shops,
          shop, minmay_pentomino_o4
D:2:      layout_basic, ebering_dispersal_statue_hall
D:3:      layout_rooms, nicolae_overflow_crystal_walls,
          dilly_ecumenical_altar_fadedgnrine, serial_rivers,
          chequers_serial_rivers_large_b, chequers_serial_rivers_micro_b,
          chequers_serial_rivers_small_3, chequers_serial_rivers_marsh,
          nicolae_half_adder, uniq_natasha
D:4:      layout_loops_ring, lemuel_zombie_altar_yredelemnul,
          nicolae_hepliaklqana_hippocampus, serial_undead, serial_undead_d,
          serial_undead_c, serial_undead_b, serial_undead_e, serial_undead_f,
          serial_undead_e, minivault_14, uniq_grinder
D:5:      layout_loops_ring, dk_noncrumbling_4
D:6:      layout_rooms, nicolae_qazlal_beasts_of_the_sky,
          nicolae_dithmenos_through_a_glass_darkly,
          eat_drink_and_be_merry_uskayaw, temple_pool_b,
          kennysheep_generic_room_6
D:7:      minmay_angry_zag, layout_gridville, mainiacjoe_overflow_alcove_2,
          mainiacjoe_overflow_catwalk, hangedman_decor_riveting
D:8:      layout_loops_ring, gammafunk_temple_overflow_wave,
          mainiacjoe_overflow_alcove_1, serial_shops, shop, uniq_joseph
D:9:      layout_roguey [special_room_orc], hiddenorc2_lemuel, uniq_maggie
Temple:   nicolae_temple_ecumenical_triangle

Skill      XL: |  1  2  3  4  5  6  7  8  9 |
---------------+----------------------------+-----
Ranged Weapons | 5 6 7 8 9 10 | 10.1
Fighting       | 3 4 5 6 7 |  7.0
Armour         | 1 2 3 |  3.3
Dodging        | 2 3 |  3.1
Stealth        | |  1.1

Action                     |  1- 3 |  4- 6 |  7- 9 || total
---------------------------+-------+-------+-------++-------
   Fire: Shortbow          |   117 |   151 |   301 ||   569
         Orcbow            |       |       |    53 ||    53
    Use: Scroll            |     2 |     5 |     4 ||    11
         Potion            |     1 |       |     5 ||     6
 Armour: Leather armour    |    30 |    55 |       ||    85
         Ring mail         |       |     6 |   299 ||   305
  Dodge: Dodged            |    25 |    46 |   276 ||   347

Table legend:
 A = Non-vault XP
 B = Vault XP
 C = Vault XP percentage of total XP
 D = Non-vault monster count
 E = Vault monster count
 F = Vault count percentage of total count
                 A         B        C        D         E       F
            +---------+---------+-------+---------+---------+-------
      Total |    2043 |     985 |  32.5 |     107 |      27 |  20.1
            +---------+---------+-------+---------+---------+-------
        D:1 |      27 |       4 |  12.9 |      17 |       3 |  15.0
        D:2 |      69 |       0 |   0.0 |      20 |       0 |   0.0
        D:3 |     134 |      90 |  40.2 |      23 |       5 |  17.9
        D:4 |      23 |     596 |  96.3 |      10 |      14 |  58.3
        D:5 |     503 |       0 |   0.0 |      15 |       0 |   0.0
        D:6 |     945 |     295 |  23.8 |      17 |       5 |  22.7
        D:7 |     223 |       0 |   0.0 |       4 |       0 |   0.0
        D:9 |     119 |       0 |   0.0 |       1 |       0 |   0.0
            +---------+---------+-------+---------+---------+-------
